 Dungeon Crawl Stone Soup version 0.28-a0-802-g09f76e8c00 (webtiles) character file.

Game seed: 4696449706696623374

37 croobank the Stinger (level 3, 0/21 HPs)
             Began as an Octopode Venom Mage on Nov 6, 2021.
             Slain by an adder (4 damage)
             ... on level 2 of the Dungeon.
             The game lasted 00:05:22 (1840 turns).

croobank the Stinger (Octopode Venom Mage)          Turns: 1840, Time: 00:05:23

Health: 0/21       AC:  1    Str:  8    XL:     3   Next: 41%
Magic:  6/6        EV: 13    Int: 17    God:
Gold:   36         SH:  0    Dex: 12    Spells: 0/6 levels left

rFire   . . .      SeeInvis .   a - +0 quarterstaff
rCold   . . .      Faith    .   (shield currently unavailable)
rNeg    . . .      Spirit   .   (helmet restricted)
rPois   .          Reflect  .   (no amulet)
rElec   .          Harm     .   (no ring)
rCorr   .          Rampage  .   (no ring)
Will    .....                   (no ring)
Stlth   +++.......              (no ring)
HPRegen 0.07/turn               (no ring)
MPRegen 0.10/turn               (no ring)
                                (no ring)
                                (no ring)

@: no status effects
A: almost no armour, amphibious, 8 rings, camouflage 1, gelatinous body 1,
(nimble swimmer 1), tentacles
a: no special abilities


You were on level 2 of the Dungeon.
You visited 1 branch of the dungeon, and saw 2 of its levels.

You collected 36 gold pieces.

Inventory:

Hand Weapons
 a - a +0 quarterstaff (weapon)
 d - a +0 hand axe
Missiles
 b - 13 bolts
 c - 64 stones
 f - 2 boomerangs (quivered)
 j - 20 arrows
Scrolls
 e - a scroll of magic mapping
 g - a scroll of fog {unknown}
Potions
 h - a potion of cancellation {unknown}
 i - a potion of attraction {unknown}


   Skills:
 + Level 0.2 Fighting
 + Level 0.4 Staves
 + Level 0.1 Throwing
 + Level 2.3 Dodging
 + Level 2.9 Stealth
 + Level 2.1 Spellcasting
 + Level 1.0 Transmutations
 + Level 4.5 Poison Magic


You couldn't memorise any spells.
You knew the following spells:

 Your Spells              Type           Power      Damage    Failure   Level
a - Sting                 Tmut/Pois      44%        1d5       6%          1
b - Poisonous Vapours     Pois/Air       18%        N/A       12%         2
c - Mephitic Cloud        Conj/Pois/Air  7%         N/A       30%         3

Your spell library contained the following spells:

 Spells                   Type           Power      Damage    Failure   Level
 Olgreb's Toxic Radiance  Pois           17%        N/A       28%         4
 Fulminant Prism          Conj/Hex       0%         3d6       88%         4
 Iskenderun's Mystic Bla  Conj/Tloc      1%         2d3       88%         4
 Lee's Rapid Deconstruct  Erth           0%         3d5*      99%         5


Dungeon Overview and Level Annotations

Branches:
Dungeon (2/15)

Altars:


Innate Abilities, Weirdness & Mutations

You cannot wear most types of armour.
You are amphibious.
You can wear up to eight rings at the same time.
Your skin changes colour to match your surroundings (Stealth+).
Your rubbery body absorbs attacks. (AC +1, EV +1)
((You are camouflaged near water. (Stealth+)))
You have tentacles for arms and can constrict up to eight enemies at once.


Message History

Found a scroll of identify.
The kobold shouts!
An adder comes into view.
The adder hisses angrily.
Throw: 2 boomerangs
Press: ? - help, Q - select action, (/) - cycle Shift-Dir - straight line, f - adder
Aim: an adder (35% to hit)
You throw a boomerang. The boomerang closely misses the adder.
Throw: 2 boomerangs
Press: ? - help, Q - select action, (/) - cycle Shift-Dir - straight line, f/p - adder
Aim: an adder (35% to hit)
You throw a boomerang. The boomerang closely misses the adder.
The adder bites you.
You barely miss the adder. Your grab misses the adder. The adder misses you.
The adder barely misses you.
You hit the adder. Your grab misses the adder.
The adder is moderately wounded.
The adder closely misses you. The kobold hits you with a +0 dagger.
The adder bites you.
Throw: 2 boomerangs
Press: ? - help, Q - select action, (/) - cycle Shift-Dir - straight line, f/p - adder
Aim: an adder (moderately wounded, 35% to hit)
You throw a boomerang. The boomerang barely misses the adder.
The adder closely misses you. The kobold hits you with a +0 dagger.
Throw: 2 boomerangs
Press: ? - help, Q - select action, (/) - cycle Shift-Dir - straight line, f/p - adder
Aim: an adder (moderately wounded, 35% to hit)
You throw a boomerang. The boomerang hits the adder.
The adder is severely wounded.
The adder barely misses you. The kobold hits you with a +0 dagger.
The adder bites you but does no damage.
You closely miss the adder. Your grab misses the adder.
Your squeeze misses the adder.
The adder is severely wounded.
The kobold barely misses you. The adder bites you.
* * * LOW HITPOINT WARNING * * *
The kobold hits you with a +0 dagger.
* * * LOW HITPOINT WARNING * * *
The adder bites you.
You die...

.†..........# #
.##......... ..
.##........#.#
......#.##..# ## .
####.......## ##.# ..
#######..##.###.# #...
...........#..K.## .....
.........#.#..#.S#..#...
...........#.###@..##
.......##.##..#..#..#...
.......##.###...## ?....
.......##.# ##.## .#..
#########.# ... ... #.#
..#.. .. ..#..## .
..#... ..#


You could see an adder and a kobold.

Vanquished Creatures
  2 dart slugs (D:1)
  4 ball pythons (D:1)
  A bat (D:1)
  3 endoplasms
  2 giant cockroaches (D:2)
  2 hobgoblins (D:1)
  2 jackals (D:1)
  2 quokkas (D:1)
  3 frilled lizards (D:1)
  3 goblins
  3 kobolds (D:1)
  4 rats
31 creatures vanquished.

Notes
Turn   | Place    | Note
-------+----------+-------------------------------------------
     0 | D:1      | croobank the Octopode Venom Mage began the quest for the
                  | Orb.
     0 | D:1      | Reached XP level 1. HP: 11/11 MP: 3/3
   143 | D:1      | Reached skill level 4 in Poison Magic
   514 | D:1      | Reached XP level 2. HP: 9/17 MP: 5/5
  1139 | D:1      | Reached XP level 3. HP: 6/21 MP: 4/6
  1813 | D:2      | Learned a level 2 spell: Poisonous Vapours
  1817 | D:2      | Learned a level 3 spell: Mephitic Cloud
  1840 | D:2      | Slain by an adder

Illustrated notes

Levels and vault maps discovered:
D:1:      minmay_arrival_cross, layout_loops_corners
D:2:      layout_loops_cross, shapermc_ecumenical_altar_flowoftime,
          minmay_strange_pillars, st_stairs_10

Skill      XL: |  1 |
---------------+----+-----
Poison Magic   | 4 |  4.5
Fighting       | |  0.2
Staves         | |  0.4
Throwing       | |  0.1
Dodging        | |  2.3
Stealth        | |  2.9
Spellcasting   | |  2.1
Transmutations | |  1.0

Action                   || total
-------------------------++-------
Melee: Quarterstaff      ||    43
       Constrict         ||    10
       Tentacles         ||     3
Throw: Boomerang         ||    16
 Cast: Sting             ||    20
  Use: Scroll            ||     1
 Stab: Sleeping          ||     2
Armor: Skin              ||     4
Dodge: Dodged            ||    30

Table legend: (Time is in decaauts)
 A = Elapsed time spent in this place.
 B = Non-inter-level travel time spent in this place.
 C = Inter-level travel time spent in this place.
 D = Time resting spent in this place.
 E = Time spent auto-exploring this place.
 F = Levels seen in this place.
 G = Mean time per level.
                   A        B        C        D        E       F      G
               +--------+--------+--------+--------+--------+-----+--------+
         Total |   1856 |   1839 |     17 |    380 |   1206 |   2 |  928.0 |
       Dungeon |   1856 |   1839 |     17 |    380 |   1206 |   2 |  928.0 |
               +--------+--------+--------+--------+--------+-----+--------+

Top non-repeatable levels by time:
     D:1: 1692 daAuts
     D:2: 164 daAuts
